 Dungeon Crawl Stone Soup version 0.26-a0-84-g8c18429211 (webtiles) character file.

Game seed: 15350289356195770492

7 PantasTheDank the Grasshopper (level 2, -11/24 HPs)
             Began as a Ghoul Warper on June 17, 2020.
             Mangled by a goblin
             ... wielding a +2 dagger of electrocution
              (20 damage)
             ... on level 1 of the Dungeon.
             The game lasted 00:01:37 (298 turns).

PantasTheDank the Grasshopper (Ghoul Warper)         Turns: 298, Time: 00:01:41

Health: -11/24     AC:  3    Str: 14    XL:     2   Next: 4%
Magic:  3/3        EV: 11    Int:  8    God:
Gold:   0          SH:  0    Dex:  8    Spells: 4/4 levels left

rFire    . . .     SeeInvis .     - Unarmed
rCold    + . .     Gourm    .   (no shield)
rNeg     + + +     Faith    .   a - +0 leather armour
rPois    ∞         Spirit   .   (no helmet)
rElec    .         Reflect  .   (no cloak)
rCorr    .         Harm     .   (no gloves)
MR       .....                  (no boots)
Stlth    +.........             (no amulet)
HPRegen  0.00/turn              (no ring)
MPRegen  0.08/turn              (no ring)

@: very slightly contaminated, rotting
A: rotting body, claws 1, carnivore, cold resistance 1, negative energy
resistance 3, inhibited regeneration, torment resistance, unbreathing
a: no special abilities


You were on level 1 of the Dungeon.
You were not hungry.

You visited 1 branch of the dungeon, and saw 1 of its levels.

Inventory:

Missiles
 d - 5 boomerangs of dispersal (quivered)
Armour
 a - a +0 leather armour (worn)


   Skills:
 + Level 2.2 Fighting
 + Level 0.8 Throwing
 + Level 0.8 Armour
 + Level 2.0 Dodging
 + Level 2.5 Unarmed Combat
 + Level 1.9 Spellcasting
   Level 2.6 Translocations


You had 4 spell levels left.
You didn't know any spells.
Your spell library contained the following spells:

 Spells                   Type           Power        Failure   Level  Hunger
 Blink                    Tloc           N/A          22%         2    ###....
 Shroud of Golubria       Chrm/Tloc      #.....       36%         2    ###....
 Gell's Gravitas          Tloc           #.........   41%         3    ####...
 Lesser Beckoning         Tloc           #.........   41%         3    ####...
 Teleport Other           Tloc           #.......     41%         3    ####...
 Passage of Golubria      Tloc           N/A          82%         4    #####..


Dungeon Overview and Level Annotations

Branches:
Dungeon (1/15)

Altars:


Innate Abilities, Weirdness & Mutations

Your body is rotting away.
You thrive on raw meat.
You are immune to poison.
You have sharp fingernails.
You are carnivorous and can eat meat at any time.
Your flesh is cold resistant. (rC+)
You are immune to negative energy. (rN+++)
You do not regenerate when monsters are visible.
You are immune to unholy pain and torment.
You can survive without breathing.


Message History

You closely miss the jackal.
The jackal is lightly wounded.
The jackal bites you but does no damage. x2
You closely miss the jackal.
The jackal is lightly wounded.
The jackal bites you but does no damage.
The goblin barely misses you.
You closely miss the jackal.
The jackal is lightly wounded.
The jackal barely misses you. The goblin hits you but does no damage.
You closely miss the jackal.
The jackal is lightly wounded.
The jackal barely misses you.
You closely miss the jackal.
The jackal is lightly wounded.
The jackal bites you but does no damage.
The goblin hits you with a +2 dagger of electrocution.
You are electrocuted!!
Ouch! That really hurt!
You die...

#.# #.# #.#
#.# #.# ...
...#.#####.#
.......(...#
#...# ###.##
##.## #....#
#.# #.#.h#
#.P.@#
#.P.♣g#
PPP♣...
.P♣♣♣P..#
..♣ P.#.# P.
.# .. .# ...
..


You could see a jackal and a goblin.

Vanquished Creatures
  A leopard gecko (D:1)
  A goblin (D:1)
  2 jackals (D:1)
  A bat (D:1)
  A kobold (D:1)
6 creatures vanquished.

Notes
Turn   | Place    | Note
-------+----------+-------------------------------------------
     0 | D:1      | PantasTheDank the Ghoul Warper began the quest for the Orb.
     0 | D:1      | Reached XP level 1. HP: 17/17 MP: 2/2
    70 | D:1      | Reached XP level 2. HP: 3/24 MP: 3/3
   298 | D:1      | Mangled by a goblin

Illustrated notes

Levels and vault maps discovered:
D:1:      lightli_arrival_chessboard, layout_loops_ring, serial_forest,
          infiniplex_forest_clump_diagonal, infiniplex_forest_side_room,
          infiniplex_forest_clump_cross, infiniplex_forest_zigzag_1,
          infiniplex_forest_clump_curved

Skill      XL: |  1 |
---------------+----+-----
Dodging        | 2 |  2.0
Fighting       | |  2.2
Throwing       | |  0.8
Armour         | |  0.8
Unarmed Combat | |  2.5
Spellcasting   | |  1.9
Translocations | |  2.6

Action                   || total
-------------------------++-------
Melee: Unarmed           ||    35
  Use: Scroll            ||     1
  Eat: Ration            ||     2
Armor: Leather armour    ||    17
Dodge: Dodged            ||    27

Table legend:
 A = Non-vault XP
 B = Vault XP
 C = Vault XP percentage of total XP
 D = Non-vault monster count
 E = Vault monster count
 F = Vault count percentage of total count
                 A         B        C        D         E       F
            +---------+---------+-------+---------+---------+-------
      Total |      11 |       0 |   0.0 |       6 |       0 |   0.0
            +---------+---------+-------+---------+---------+-------
        D:1 |      11 |       0 |   0.0 |       6 |       0 |   0.0
            +---------+---------+-------+---------+---------+-------
